Map: [ESL] Alcyone

Players

AqueroN - Winner!

  • Race: Terran Terran
  • Spawn Location: 1:00

milkicow

  • Race: Terran Terran
  • Spawn Location: 7:00

Event: ESL SC2 Masters 2023 Winter (Regional)

VOD

Have the link to the VOD?

Description

Time

  • Played on: Oct. 29, 2023, 11:22 a.m.
  • Length: 12:10

All games in this series

Show
View Real Time Build Order
Export as new Build Order

AqueroN Terran - Winner!

Build Orders: Cyclone Opening 

Get SALT Encoding   

  12  0:00  SCV  
  13  0:12  SCV  
  14  0:17  Supply Depot  
  14  0:24  SCV  
  15  0:38  SCV  
  15  0:40  Barracks  
  16  0:43  Refinery  
  16  0:50  SCV  
  16  0:53  Refinery  
  17  1:02  SCV  
  18  1:15  SCV  
  19  1:27  Orbital Command, Reaper  
  19  1:28  Supply Depot  
  20  1:43  Factory  
  20  1:53  SCV  
  21  1:59  Reaper  
  22  2:05  SCV  
  23  2:17  SCV  
  23  2:22  Command Center  
  24  2:28  Cyclone  
  27  2:30  SCV  
  27  2:33  Barracks Reactor  
  27  2:42  SCV  
  28  2:44  Supply Depot  
  28  2:54  SCV  
  28  2:58  Starport  
  29  3:06  SCV  
  30  3:15  Cyclone x2  
  30  3:18  SCV  
  35  3:20  Refinery  
  35  3:26  Barracks Tech Lab  
  35  3:30  SCV  
  35  3:33  Supply Depot  
  35  3:34  Orbital Command  
  36  3:42  SCV  
  36  3:47  Banshee  
  40  3:52  Marine  
  40  3:53  Marine  
  40  3:54  SCV  
  43  3:56  Supply Depot  
  43  4:00  SCV  
  43  4:01  Factory Tech Lab  
  43  4:13  SCV  
  39  4:18  SCV  
  39  4:19  Marine x2  
  39  4:22  Siege Tank  
  45  4:26  SCV  
  45  4:30  Raven, SCV  
  49  4:32  Interference Matrix  
  49  4:35  Supply Depot  
  49  4:37  Marine  
  49  4:38  SCV  
  51  4:39  Marine  
  51  4:43  SCV  
  53  4:50  SCV  
  54  4:54  Siege Tank  
  54  4:55  SCV, Marine  
  54  4:57  Marine  
  60  5:04  Raven, SCV, Supply Depot  
  63  5:07  SCV  
  64  5:17  SCV, Marine x2  
  64  5:19  SCV  
  68  5:29  SCV  
  68  5:30  Siege Tank  
  68  5:31  SCV  
  68  5:35  Marine x2  
  74  5:39  Raven  
  74  5:40  Command Center  
  77  5:45  Barracks x2, Supply Depot  
  77  5:47  SCV  
  77  5:48  SCV  
  79  5:53  Marine x2  
  81  5:59  Supply Depot  
  81  6:00  Engineering Bay  
  81  6:02  Engineering Bay  
  81  6:03  SCV  
  82  6:05  Refinery  
  82  6:07  SCV  
  82  6:10  Siege Tank  
  86  6:29  Barracks x2  
  86  6:30  Stimpack, Marine  
  86  6:32  Terran Infantry Weapons Level 1, Terran Infantry Armor Level 1  
  87  6:34  Barracks Reactor  
  87  6:37  SCV x2  
  89  6:49  SCV  
  88  6:54  SCV x2  
  88  6:56  Siege Tank  
  88  6:59  Barracks Reactor, Marine  
  88  7:00  Viking  
  95  7:02  SCV  
  95  7:06  SCV  
  95  7:08  Orbital Command  
  97  7:11  Viking, Marine x2  
  97  7:14  SCV  
  102  7:17  Barracks Reactor x2  
  102  7:18  SCV  
  103  7:26  SCV, Refinery  
  103  7:27  Supply Depot  
  103  7:28  Supply Depot x2  
  103  7:29  Marine x2  
  106  7:30  SCV, Marine  
  108  7:38  SCV x2  
  108  7:40  Siege Tank  
  108  7:42  SCV, Marine x2  
  116  7:50  Medivac x2  
  116  7:51  Marine x3  
  121  7:55  SCV x3  
  126  8:00  Marine x5  
  126  8:03  Supply Depot  
  126  8:04  Supply Depot  
  131  8:08  Marine x2  
  131  8:10  Combat Shield  
  131  8:12  Refinery  
  133  8:17  Marine x2  
  133  8:18  Sensor Tower, Marine  
  136  8:23  Medivac x2  
  136  8:25  Marine  
  136  8:26  Marine  
  142  8:28  Missile Turret  
  142  8:31  SCV x3  
  142  8:33  Marine  
  142  8:34  Marine x2  
  147  8:42  Missile Turret  
  147  8:44  Marine x6  
  147  8:46  Siege Tank  
  151  8:51  Marine  
  151  8:53  Medivac x2  
  151  8:55  Marine  
  157  9:10  Marine  
  157  9:11  Marine x2  
  157  9:17  Supply Depot  
  157  9:18  Supply Depot, Marine x2  
  157  9:19  Supply Depot  
  157  9:21  Barracks x2  
  157  9:22  Marine x2  
  157  9:23  Barracks  
  155  9:29  Marine x3  
  153  9:33  Siege Tank, Marine  
  153  9:36  Supply Depot  
  157  9:39  Marine x3  
  157  9:40  Command Center  
  152  9:47  Marine x4  
  148  9:56  Marine x2  
  138  10:00  Marine  
  138  10:01  Marine  
  138  10:03  Marine  
  138  10:04  Marine  
  138  10:05  Viking x2, Siege Tank, Marine x2  
  138  10:11  Marine  
  138  10:13  Marine x2  
  136  10:18  Marine  
  136  10:19  Marine  
  138  10:21  Barracks Reactor x2, Marine  
  138  10:22  Barracks Reactor, Marine x2  
  138  10:23  Marine  
  142  10:29  Marine  
  142  10:30  Armory  
  142  10:31  Marine x2  
  145  10:36  SCV, Marine  
  145  10:37  Marine, SCV x2  
  145  10:38  Siege Tank  
  145  10:39  Marine  
  145  10:40  Marine x3  
  154  10:53  Marine x2  
  154  10:54  Marine x2  
  154  10:56  Marine  
  154  10:57  Marine  
  159  10:59  Marine x3  
  158  11:05  Marine  
  158  11:10  Siege Tank, Marine x4  
  158  11:11  Medivac x2  
  159  11:16  SCV x3  
  159  11:18  Marine x7  
  163  11:19  Marine x2  
  169  11:26  Marine x2  
  169  11:27  Marine  
  169  11:28  Marine x3  
  174  11:35  Marine  
  174  11:36  Marine x2  
  175  11:40  Marine  
  143  11:52  Marine x2  
Show
View Real Time Build Order
Export as new Build Order

milkicow Terran 

Build Orders:  

Get SALT Encoding   

  12  0:00  SCV  
  13  0:12  SCV  
  14  0:17  Supply Depot  
  14  0:24  SCV  
  15  0:39  SCV  
  15  0:40  Barracks  
  16  0:44  Refinery  
  16  0:51  SCV  
  16  0:52  Refinery  
  17  1:03  SCV  
  18  1:15  SCV  
  19  1:27  Orbital Command, Reaper  
  19  1:32  Supply Depot  
  20  1:41  Factory  
  20  1:53  SCV  
  21  1:59  Barracks Reactor  
  21  2:05  SCV  
  21  2:18  SCV  
  22  2:25  Command Center  
  22  2:32  Hellion, SCV  
  22  2:35  Reaper  
  26  2:37  Reaper  
  27  2:45  SCV, Supply Depot  
  28  2:54  Starport  
  28  2:58  SCV  
  29  3:05  Factory Tech Lab  
  29  3:10  SCV  
  30  3:15  Cyclone x2  
  34  3:22  SCV  
  34  3:23  Barracks Tech Lab  
  35  3:31  Refinery  
  35  3:33  Starport Tech Lab  
  35  3:36  Orbital Command, SCV  
  36  3:48  SCV  
  37  3:53  Raven  
  37  3:54  Marine x2  
  41  4:00  SCV  
  41  4:02  SCV  
  41  4:13  Siege Tank  
  39  4:17  Marine x2, SCV  
  39  4:19  SCV  
  41  4:27  Command Center  
  41  4:29  SCV  
  42  4:31  Raven  
  42  4:32  SCV  
  45  4:41  SCV  
  45  4:43  Marine  
  45  4:44  SCV, Marine  
  49  4:49  Supply Depot  
  49  4:50  Cyclone  
  51  4:53  SCV  
  51  4:57  SCV  
  53  5:01  Marine  
  53  5:04  Supply Depot  
  54  5:08  SCV  
  54  5:10  Raven, SCV, Marine  
  56  5:20  SCV  
  56  5:21  Interference Matrix  
  54  5:22  SCV  
  54  5:31  Siege Tank, Marine x2  
  54  5:32  SCV  
  60  5:36  Refinery  
  60  5:38  SCV  
  60  5:40  Barracks x2  
  61  5:44  Orbital Command, SCV  
  61  5:47  Raven  
  64  5:51  SCV  
  64  5:52  Marine x2  
  64  5:56  SCV  
  68  6:02  Engineering Bay  
  68  6:03  SCV, Engineering Bay  
  69  6:06  Siege Tank  
  69  6:08  SCV  
  73  6:15  Marine x2, SCV  
  73  6:16  SCV  
  76  6:23  SCV  
  76  6:25  Orbital Command  
  77  6:32  SCV  
  78  6:33  Barracks Tech Lab, Marine x2  
  78  6:34  Starport Reactor  
  78  6:36  Stimpack  
  78  6:37  Terran Infantry Weapons Level 1, Terran Infantry Armor Level 1, Marine  
  78  6:39  Siege Tank  
  84  6:41  SCV  
  84  6:50  Orbital Command  
  84  6:53  Marine  
  85  7:01  Supply Depot x2  
  85  7:09  Combat Shield  
  85  7:13  Barracks  
  85  7:15  Barracks  
  85  7:22  Missile Turret, Marine x2, SCV x3  
  91  7:24  Supply Depot  
  91  7:25  Missile Turret  
  91  7:32  Marine  
  91  7:34  SCV x3, Supply Depot  
  91  7:37  Siege Tank  
  93  7:46  SCV x3  
  93  7:50  Marine  
  96  7:51  Armory  
  96  7:56  Marine, Refinery x2  
  96  7:58  SCV x3  
  96  8:00  Medivac  
  96  8:01  Marine, Medivac  
  106  8:10  Refinery  
  106  8:11  SCV x3  
  109  8:15  Barracks Reactor x2, Marine  
  109  8:16  Siege Tank  
  111  8:23  Marine, SCV x2  
  111  8:24  Marine  
  111  8:25  SCV  
  116  8:28  Marine  
  117  8:35  SCV  
  117  8:37  Command Center, Marine  
  117  8:41  Marine, Medivac x2  
  123  8:42  Marine  
  123  8:45  SCV  
  123  8:46  Marine  
  123  8:48  Terran Infantry Weapons Level 2, Terran Infantry Armor Level 2  
  125  8:52  Supply Depot  
  125  8:53  Supply Depot  
  125  9:00  SCV, Marine x2  
  125  9:01  Marine  
  125  9:02  Marine  
  122  9:03  Siege Tank  
  122  9:09  Marine  
  125  9:16  Marine  
  116  9:17  Marine  
  116  9:18  SCV  
  116  9:20  Marine x2  
  116  9:21  Command Center, Marine  
  116  9:22  Marine  
  121  9:25  Marine  
  121  9:27  Marine  
  121  9:29  SCV  
  124  9:33  Marine  
  124  9:35  Siege Tank, Marine  
  124  9:37  Viking x2, SCV  
  124  9:38  Marine x2  
  132  9:39  Marine x2  
  132  9:43  Marine  
  114  9:47  SCV  
  114  9:48  SCV  
  114  9:51  Marine  
  115  9:57  Marine  
  99  10:04  Marine  
  99  10:07  Viking  
  98  10:09  Marine x3  
  98  10:10  Siege Tank, SCV  
  98  10:11  SCV  
  98  10:12  SCV  
  98  10:13  Marine  
  107  10:16  Terran Vehicle Weapons Level 1  
  107  10:19  Factory  
  107  10:20  Marine  
  107  10:21  Barracks Reactor  
  107  10:22  SCV  
  107  10:23  SCV  
  107  10:24  SCV  
  107  10:27  Viking  
  107  10:28  Sensor Tower  
  112  10:29  Marine  
  112  10:34  SCV  
  112  10:35  Orbital Command  
  114  10:37  SCV  
  114  10:38  SCV  
  114  10:40  Marine  
  114  10:42  Siege Tank, Marine  
  118  10:45  Marine  
  118  10:46  Viking  
  118  10:47  SCV  
  120  10:51  Marine  
  120  10:52  SCV  
  120  10:53  Marine, SCV  
  120  10:57  Marine  
  116  10:59  SCV, Marine  
  116  11:00  Marine  
  119  11:06  SCV  
  119  11:10  Marine  
  108  11:13  SCV  
  108  11:14  Siege Tank, Marine  
  108  11:15  Liberator  
  108  11:16  Marine x2  
  108  11:18  Barracks Reactor x2, Marine  
  117  11:22  SCV  
  117  11:23  SCV  
  120  11:28  Marine  
  120  11:31  Marine  
  122  11:34  Marine x2  
  122  11:36  Marine, SCV  
  126  11:45  Marine  
  113  11:49  Marine  
  113  11:52  Marine x2  
Tags
 
Add a new tag
Caveats
  • Supply blocks, unpowered buildings, or Contaminate may cause inaccurate times.
  • Supply counts are checked every 10 seconds.